Map: Orbital Shipyard

Players

Mercy

  • Race: Protoss Protoss
  • League: Master

BunnyWillis - Winner!

  • Race: Terran Terran
  • League: Grandmaster

VOD

Have the link to the VOD?

Description

Time

  • Played on: Nov. 21, 2015, 2:33 p.m.
  • Length: 13:43
Show
View Real Time Build Order
Export as new Build Order

Mercy Protoss 

Build Orders: 1 Gate Expand 

Get SALT Encoding   

  12  0:01  Probe (Chrono Boost)  
  13  0:12  Probe (Chrono Boost)  
  14  0:17  Pylon  
  14  0:22  Probe (Chrono Boost)  
  15  0:36  Probe (Chrono Boost)  
  15  0:38  Gateway  
  16  0:46  Probe (Chrono Boost)  
  17  0:50  Assimilator  
  18  0:57  Probe (Chrono Boost)  
  18  1:07  Probe (Chrono Boost)  
  19  1:18  Probe (Chrono Boost)  
  20  1:23  Nexus  
  20  1:34  Cybernetics Core  
  20  1:38  Probe (Chrono Boost)  
  21  1:43  Assimilator  
  21  1:50  Pylon  
  21  1:52  Probe (Chrono Boost)  
  22  2:02  Probe (Chrono Boost)  
  23  2:12  Adept  
  23  2:13  Mothership Core (Chrono Boost), Warp Gate  
  27  2:32  Probe (Chrono Boost)  
  28  2:40  Probe (Chrono Boost)  
  29  2:45  Adept  
  29  2:46  Probe (Chrono Boost)  
  29  2:50  Probe (Chrono Boost)  
  33  2:57  Probe (Chrono Boost)  
  34  3:04  Probe (Chrono Boost)  
  35  3:09  Nexus  
  35  3:12  Probe (Chrono Boost)  
  36  3:14  Pylon  
  36  3:21  Probe (Chrono Boost)  
  38  3:27  Probe (Chrono Boost)  
  38  3:32  Robotics Facility  
  38  3:34  Probe (Chrono Boost)  
  38  3:37  Probe (Chrono Boost)  
  40  3:45  Probe (Chrono Boost)  
  40  3:48  Probe (Chrono Boost)  
  42  3:53  Gateway  
  42  3:54  Gateway  
  43  3:55  Probe (Chrono Boost)  
  43  3:57  Pylon  
  43  3:58  Probe (Chrono Boost)  
  44  4:06  Probe (Chrono Boost)  
  44  4:09  Probe (Chrono Boost)  
  46  4:16  Probe (Chrono Boost)  
  46  4:19  Probe (Chrono Boost), Assimilator  
  46  4:20  Probe (Chrono Boost)  
  46  4:23  Observer (Chrono Boost)  
  49  4:24  Assimilator  
  49  4:25  Probe  
  49  4:28  Pylon  
  49  4:30  Probe  
  49  4:31  Probe  
  51  4:36  Probe  
  51  4:39  Stalker  
  51  4:41  Probe  
  51  4:43  Probe  
  55  4:46  Probe  
  55  4:49  Observer (Chrono Boost)  
  55  4:51  Probe  
  57  4:55  Probe  
  57  4:56  Pylon  
  57  4:57  Probe  
  57  4:59  Stalker  
  62  5:00  Stalker, Pylon  
  62  5:02  Probe  
  65  5:07  Probe x2  
  65  5:08  Warp Prism (Chrono Boost)  
  69  5:27  Probe  
  69  5:28  Adept  
  65  5:37  Probe  
  65  5:41  Probe  
  65  5:42  Probe  
  68  5:47  Adept x2  
  67  5:52  Probe x2  
  67  5:55  Probe  
  70  5:58  Assimilator  
  70  6:03  Pylon, Assimilator  
  70  6:04  Pylon  
  70  6:06  Immortal (Chrono Boost)  
  70  6:07  Gateway x2  
  70  6:10  Gateway  
  74  6:14  Pylon  
  74  6:16  Pylon  
  74  6:18  Pylon  
  74  6:19  Robotics Bay  
  74  6:26  Sentry x3, Forge  
  74  6:27  Probe x2  
  74  6:29  Probe, Forge  
  74  6:30  Pylon  
  83  6:38  Probe x2  
  85  6:41  Probe  
  86  6:48  Probe  
  81  7:05  Adept  
  81  7:06  Adept x2  
  87  7:17  Disruptor (Chrono Boost)  
  87  7:20  Adept x2  
  90  7:35  Adept  
  90  7:36  Adept x3  
  94  7:39  Probe  
  94  7:40  Probe  
  94  7:42  Probe  
  93  7:50  Probe  
  89  7:59  Adept x6  
  89  8:04  Disruptor (Chrono Boost)  
  95  8:12  Mothership Core  
  77  8:21  Adept x3  
  77  8:22  Adept x2  
  77  8:23  Adept  
  77  8:24  Protoss Ground Weapons Level 1  
  77  8:25  Protoss Ground Armor Level 1  
  80  8:33  Probe  
  73  8:35  Disruptor (Chrono Boost)  
  73  8:39  Pylon  
  73  8:40  Pylon  
  73  8:41  Pylon  
  71  8:46  Stalker x4  
  71  8:47  Stalker x2  
  83  8:59  Probe  
  83  9:00  Probe  
  83  9:01  Probe  
  84  9:06  Disruptor (Chrono Boost)  
  87  9:10  Probe  
  87  9:12  Probe  
  87  9:13  Probe  
  87  9:16  Twilight Council  
  90  9:17  Stalker  
  90  9:18  Stalker x2, Photon Cannon  
  90  9:19  Pylon, Photon Cannon  
  90  9:20  Probe  
  93  9:26  Stalker x3  
  97  9:36  Mothership Core  
  97  9:37  Disruptor (Chrono Boost)  
  94  9:52  Adept x4  
  94  9:53  Adept x2  
  98  10:09  Disruptor (Chrono Boost)  
  94  10:19  Zealot x3  
  94  10:20  Zealot x2  
  90  10:27  Probe x2  
  82  10:28  Probe  
  84  10:37  Probe  
  84  10:39  Protoss Ground Armor Level 2, Protoss Ground Weapons Level 2  
  84  10:40  Probe  
  84  10:41  Disruptor (Chrono Boost), Blink  
  89  10:45  Adept x4  
  89  10:46  Adept  
  89  10:47  Probe  
  89  10:48  Probe  
  101  10:52  Probe, Assimilator  
  101  10:56  Photon Cannon  
  102  10:57  Probe  
  102  10:58  Probe  
  102  11:01  Gateway, Photon Cannon  
  102  11:02  Gateway  
  102  11:04  Probe, Pylon  
  104  11:08  Probe, Pylon  
  104  11:10  Stalker x2  
  104  11:11  Stalker x3  
  110  11:26  Disruptor (Chrono Boost)  
  113  11:34  Stalker x3  
  113  11:35  Stalker x2  
  123  11:51  Pylon  
  123  11:57  Disruptor (Chrono Boost)  
  123  12:00  Adept x3  
  124  12:08  Adept x2  
  104  12:28  Disruptor (Chrono Boost)  
  104  12:29  Adept x5  
  86  12:49  Stalker x4  
  73  13:09  Disruptor (Chrono Boost)  
  67  13:29  Nexus, Adept x4  
  67  13:30  Pylon  
  75  13:34  Assimilator  
Show
View Real Time Build Order
Export as new Build Order

BunnyWillis Terran - Winner!

Build Orders: MMM Bio 

Get SALT Encoding   

  12  0:01  SCV  
  13  0:13  SCV  
  14  0:22  Supply Depot  
  14  0:25  SCV  
  15  0:44  SCV  
  15  0:46  Barracks  
  15  0:48  Refinery  
  16  0:56  SCV  
  17  1:08  SCV  
  18  1:20  SCV  
  20  1:32  Reaper  
  20  1:34  Orbital Command  
  20  1:50  Command Center  
  20  1:59  SCV  
  21  2:02  Supply Depot  
  21  2:12  SCV  
  22  2:16  Barracks Reactor  
  22  2:24  SCV  
  22  2:28  Factory  
  23  2:30  Refinery  
  23  2:35  Bunker  
  23  2:36  SCV  
  24  2:48  SCV  
  25  2:53  Marine x2  
  27  2:59  Barracks  
  27  3:00  SCV  
  27  3:01  Barracks  
  27  3:04  Orbital Command  
  28  3:11  Marine  
  28  3:12  SCV  
  30  3:13  Factory Tech Lab  
  30  3:21  Marine  
  30  3:24  SCV  
  32  3:28  Marine  
  32  3:32  Cyclone  
  37  3:34  SCV  
  37  3:36  SCV  
  38  3:45  Supply Depot  
  38  3:46  SCV  
  38  3:47  Barracks Tech Lab x2  
  39  3:48  SCV, Marine  
  39  3:50  Marine  
  42  3:58  SCV  
  42  4:00  SCV  
  44  4:05  Combat Shields  
  44  4:06  Stimpack, Marine x2  
  46  4:10  SCV  
  46  4:13  SCV  
  47  4:22  SCV  
  47  4:23  Refinery  
  47  4:24  Supply Depot, Refinery  
  48  4:25  SCV  
  48  4:26  Factory Reactor  
  49  4:32  Starport  
  49  4:34  SCV, Marine  
  49  4:37  SCV  
  49  4:38  Marine x2  
  52  4:45  Supply Depot, Marine  
  55  4:46  SCV  
  55  4:49  SCV  
  55  4:50  Supply Depot  
  57  4:59  SCV  
  58  5:00  Marine  
  58  5:01  SCV, Marine  
  61  5:07  Marauder  
  61  5:11  SCV  
  61  5:12  Supply Depot  
  61  5:13  SCV  
  65  5:16  Factory Reactor  
  65  5:21  Marine x2  
  63  5:22  Marauder  
  63  5:23  SCV  
  63  5:25  SCV  
  66  5:29  Marauder  
  66  5:35  SCV  
  66  5:38  SCV, Medivac x2  
  66  5:39  Marine x2  
  72  5:53  Widow Mine x2  
  72  5:56  Command Center  
  73  6:06  Marauder x2, Marine x2  
  73  6:07  Barracks  
  73  6:08  Barracks  
  79  6:12  Medivac  
  79  6:13  Medivac  
  83  6:22  Supply Depot x2  
  83  6:23  Widow Mine  
  83  6:24  Supply Depot  
  85  6:26  Marine  
  86  6:41  SCV  
  86  6:43  SCV, Marine, Widow Mine  
  86  6:45  Concussive Shells, Marauder  
  86  6:46  Marine, Marauder  
  95  6:51  Widow Mine  
  95  6:53  SCV  
  96  6:55  SCV  
  94  7:01  Liberator  
  94  7:02  Liberator  
  94  7:06  SCV  
  94  7:08  SCV  
  94  7:12  Barracks Tech Lab, Marauder x2  
  94  7:13  Orbital Command  
  94  7:18  SCV, Marauder  
  94  7:20  Marine x2  
  105  7:34  Marauder  
  105  7:35  Orbital Command, Marine x2  
  104  7:40  Marauder  
  104  7:44  Liberator x2, Marine x2  
  104  7:51  SCV  
  104  7:52  SCV  
  104  7:53  Marauder x2  
  104  7:59  Marine  
  104  8:00  Marine  
  104  8:02  SCV, Marine  
  111  8:08  Marine  
  108  8:14  Marauder, Marine  
  108  8:16  SCV x2  
  108  8:17  Engineering Bay, Marauder  
  108  8:18  Engineering Bay  
  108  8:19  Marauder  
  114  8:24  Marine  
  114  8:26  Marine  
  117  8:32  Marauder  
  118  8:36  Marauder  
  118  8:38  Marine  
  118  8:40  Marine  
  121  8:43  Marine  
  121  8:45  Terran Infantry Weapons Level 1, Terran Infantry Armor Level 1  
  121  8:46  Liberator  
  121  8:48  Refinery  
  122  8:49  Refinery  
  122  8:54  Marauder  
  114  8:56  Marauder  
  114  8:57  Marauder  
  114  8:58  Marauder  
  114  9:00  Marine  
  114  9:01  Marine  
  114  9:02  Widow Mine x2  
  124  9:08  SCV x3  
  128  9:12  Liberator  
  128  9:14  Barracks x2  
  128  9:15  Barracks, Marauder  
  130  9:18  Marauder  
  129  9:24  Marine x2  
  129  9:25  Marauder  
  129  9:29  Marauder  
  129  9:30  Widow Mine  
  140  9:34  Widow Mine  
  140  9:36  Marauder  
  134  9:39  Marauder  
  134  9:42  Marine  
  134  9:43  Marine  
  137  9:49  Marine x2  
  84  9:52  Medivac  
  135  9:58  Marauder  
  135  9:59  Command Center  
  139  10:00  Armory  
  133  10:09  Marine x2  
  133  10:12  Medivac  
  133  10:13  Marine x2  
  132  10:14  Marine  
  132  10:19  Marine  
  114  10:27  Marine x2  
  102  10:30  Barracks Reactor, Barracks Tech Lab  
  102  10:31  Barracks Tech Lab, Marauder x2  
  102  10:33  Marauder  
  108  10:37  Marauder  
  110  10:44  Marine  
  110  10:45  Marine  
  110  10:49  Liberator  
  112  10:51  Terran Infantry Armor Level 2, Liberator  
  112  10:53  Marauder x2  
  112  10:54  Marauder  
  112  10:55  Terran Infantry Weapons Level 2  
  118  10:58  Marauder  
  118  11:00  Marine  
  118  11:01  Marine  
  118  11:02  Marine x2  
  124  11:09  Marine  
  131  11:13  Marine  
  131  11:14  Marauder  
  132  11:24  Marine x2  
  132  11:25  Marauder x3  
  140  11:26  Marauder  
  140  11:31  Marine x2  
  140  11:32  Marauder  
  146  11:33  Widow Mine x2  
  148  11:49  Medivac  
  150  11:54  Marine x2  
  150  11:55  Marine  
  150  12:00  Marine x4  
  150  12:01  Marine  
  155  12:02  Marauder  
  144  12:08  Medivac  
  144  12:09  Marine  
  144  12:13  Supply Depot x2  
  144  12:14  Supply Depot  
  136  12:19  Medivac  
  138  12:26  Marine  
  138  12:27  Marauder, Marine x5  
  138  12:29  Widow Mine, Marauder x2  
  143  12:35  Planetary Fortress  
  145  12:39  Marine  
  138  12:44  Marine x2  
  138  12:45  Marine x2  
  138  12:48  Marine x2  
  138  12:49  Marine  
  138  12:50  Marine  
  121  12:51  Medivac  
  121  12:52  Medivac  
  121  12:56  Marine x2  
  120  13:03  Marine x2  
  120  13:04  Marine x2  
  120  13:07  Marauder x2  
  120  13:08  Marauder x2  
  126  13:14  Marauder  
  126  13:15  Marauder  
Tags
 
Composition
MMM Bio
Matchup
PvT
Replay Pack
REPS
Add a new tag
Caveats
  • Supply blocks, unpowered buildings, or Contaminate may cause inaccurate times.
  • Supply counts are checked every 10 seconds.